 Dungeon Crawl Stone Soup version 0.30-a0-702-gdf48620a09 (webtiles) character file.

Game seed: 14241999631889395691

2069 Absynth the Destroyer (level 9, 0/51 HPs)
             Began as an Octopode Conjurer on Jan 21, 2023.
             Was a Follower of Vehumet.
             Slain by an orc warrior
             ... wielding a +0 flail
              (18 damage)
             ... on level 7 of the Dungeon.
             The game lasted 00:27:01 (8518 turns).

Absynth the Destroyer (Octopode Conjurer)           Turns: 8518, Time: 00:27:02

Health: 0/51       AC:  1    Str:  6    XL:     9   Next: 26%
Magic:  10/19      EV: 13    Int: 25    God:    Vehumet [*.....]
Gold:   229        SH:  0    Dex: 10    Spells: 11/21 levels left

rFire   . . .      SeeInvis .    k - staff of conjuration
rCold   . . .      Faith    .    (no shield)
rNeg    . . .      Spirit   .    (helmet restricted)
rPois   .          Reflect  .    (no amulet)
rElec   .          Harm     .    (no ring)
rCorr   .          Rampage  .    (no ring)
Will    .....                    (no ring)
Stlth   +++                      (no ring)
HPRegen 0.28/turn                (no ring)
MPRegen 0.16/turn                (no ring)
                                 (no ring)
                                 (no ring)

@: no status effects
A: almost no armour, amphibious, 8 rings, camouflage 1, gelatinous body 1,
(nimble swimmer 1), tentacles
a: Renounce Religion


You were on level 7 of the Dungeon.
You worshipped Vehumet.
Vehumet was aware of your devotion.
You visited 1 branch of the dungeon, and saw 7 of its levels.

You collected 229 gold pieces.

Inventory:

Hand Weapons
 q - a +2 dagger of holy wrath
 r - a +0 whip of venom
Missiles
 c - 6 atropa-tipped darts
 u - 3 curare-tipped darts
Magical Staves
 b - a staff of poison
 g - a staff of earth
 k - a staff of conjuration (weapon)
Wands
 t - a wand of paralysis (9)
Scrolls
 d - 2 scrolls of identify
 f - 2 scrolls of teleportation
 l - a scroll of vulnerability {unknown}
 m - a scroll of amnesia
 p - a scroll of silence {unknown}
 s - a scroll of enchant armour {unknown}
Potions
 a - 2 potions of magic
 e - 4 potions of curing
 h - 3 potions of resistance
 i - a potion of brilliance {unknown}
 j - 2 potions of lignification {unknown}
 n - 4 potions of flight
 o - a potion of mutation {unknown}
 v - a potion of berserk rage {unknown}


   Skills:
 - Level 2.0 Dodging
 - Level 2.6 Stealth
 + Level 6.9 Spellcasting
 + Level 8.3 Conjurations
 - Level 6.0 Translocations


You had 11 spell levels left.
You knew the following spells:

 Your Spells              Type           Power      Damage    Failure   Level
a - Magic Dart            Conj           100%       1d8       1%          1
b - Searing Ray           Conj           100%       2d8       1%          2
c - Iskenderun's Mystic   Conj/Tloc      61%        2d13      3%          4
d - Dazzling Flash        Conj/Hex       88%        N/A       3%          3

Your spell library contained the following spells:

 Spells                   Type           Power      Damage    Failure   Level
 Freeze                   Ice            32%        1d5       7%          1
 Sublimation of Blood     Necr           8%         N/A       11%         2
 Wereblood                Tmut           8%         N/A       11%         2
 Fulminant Prism          Conj/Hex       22%        3d12      12%         4
 Ozocubu's Armour         Ice            8%         N/A       21%         3
 Ozocubu's Refrigeration  Ice            4%         4d8       100%        7
 Summon Hydra             Summ           4%         N/A       100%        7


Dungeon Overview and Level Annotations

Branches:
Dungeon (7/15)
 Temple: D:4-7

Altars:
Okawaru
Uskayaw
Vehumet
The Shining One

Shops:
D:1 [   D:3 (

Annotations:
D:4 1 exclusion
D:6 2 transporters
D:7 Dowan, Duvessa


Innate Abilities, Weirdness & Mutations

You cannot wear most types of armour.
You are amphibious.
You can wear up to eight rings at the same time.
Your skin changes colour to match your surroundings (Stealth+).
Your rubbery body absorbs attacks. (AC +1, EV +1)
((You are camouflaged when in or above water. (Stealth+)))
You have tentacles for arms and can constrict up to eight enemies at once.


Message History

The searing ray hits the orc wizard!
You kill the orc wizard!
Vehumet accepts your kill.
The searing ray hits the orc warrior.
The orc warrior is lightly wounded.
An orc priest comes into view. It is wielding a +0 short sword.
The searing ray hits the orc warrior!
The orc warrior is moderately wounded.
The searing ray hits the orc.
The orc is heavily wounded.
You finish channelling your searing ray.
A killer bee comes into view.
Casting: Searing Ray (safe; 1% risk of failure)
Confirm with . or Enter, or press ? or * to list all spells.
Aiming: Searing Ray (safe; 1% risk of failure)
Press: ? - help, Shift-Dir - straight line, f - orc priest
Aim: an orc priest, wielding a +0 short sword (83% to hit)
You feel a surge of power!
The searing ray hits the orc warrior!
The orc warrior is severely wounded.
The searing ray hits the orc!
You kill the orc!
Vehumet accepts your kill.
The searing ray hits the orc priest!
The orc priest is severely wounded. (Press . to maintain the ray.)
The orc priest mumbles some strange prayers to Beogh against you.
Beogh smites you! The orc warrior closely misses you.
The searing ray hits the orc warrior but does no damage.
The orc warrior is severely wounded.
The searing ray hits the orc priest.
The orc priest is almost dead.
The orc warrior hits you with a +0 flail!
The searing ray hits the orc warrior but does no damage.
The orc warrior is severely wounded.
The searing ray misses the orc priest.
The orc warrior hits you with a +0 flail!
* * * LOW HITPOINT WARNING * * *
The orc warrior attacks as you move away!
The orc warrior hits you with a +0 flail!!
You die...

##.......##)###.##.# ##
#.......#..# .# .#
##[....##..# .# .#
#.....#...# .#
##...##...######. ## .# #
###...#...........
#.#.#.#.#y##.##...########
#......o)o##.#...##
#.#######@#.#...#
##.........##..##
#..##.##..#..##
##.##.##.##.##
#.......#..########
##.#.#.##.#.......#
#.....#..#.#####.##
##.#.##....# #....#
#...#..##.###.#.##


You could see an orc warrior, a killer bee and an orc priest.

Vanquished Creatures
  A steam dragon (D:6)
  A sky beast (D:6)
  An orc warrior (D:6)
  A black bear (D:6)
  An ice beast (D:5)
  4 ogres
  A necrophage (D:5)
  A gnoll sergeant (D:5)
  3 scorpions
  A howler monkey (D:6)
  3 hounds
  3 jellies
  A gnoll bouda (D:5)
  5 orc priests
  5 iguanas
  4 orc wizards
  12 gnolls
  10 adders
  A shadow imp (D:5)
  3 worms
  11 orcs
  8 bats
  10 endoplasms
  2 giant cockroaches (D:1)
  5 goblins
  10 hobgoblins
  4 quokkas
  3 ball pythons
  2 frilled lizards
  12 kobolds
  5 rats
134 creatures vanquished.

Vanquished Creatures (others)
  15 plants
15 creatures vanquished.

Grand Total: 149 creatures vanquished

Notes
Turn   | Place    | Note
-------+----------+-------------------------------------------
     0 | D:1      | Absynth the Octopode Conjurer began the quest for the Orb.
     0 | D:1      | Reached XP level 1. HP: 11/11 MP: 3/3
   283 | D:1      | Reached XP level 2. HP: 17/17 MP: 1/5
   396 | D:1      | Learned a level 2 spell: Searing Ray
   761 | D:1      | Reached XP level 3. HP: 21/21 MP: 3/6
   886 | D:1      | Found Nuvy's Antique Armour Shop.
  1753 | D:2      | Reached XP level 4. HP: 27/27 MP: 4/8
  2781 | D:3      | Reached skill level 5 in Conjurations
  3205 | D:3      | Found an iron altar of Okawaru.
  3376 | D:3      | Reached XP level 5. HP: 31/31 MP: 5/10
  3386 | D:3      | Reached skill level 1 in Translocations
  3718 | D:3      | Found Faups's Weapon Boutique.
  4345 | D:4      | Reached XP level 6. HP: 36/36 MP: 6/11
  4412 | D:4      | Found a glowing golden altar of the Shining One.
  4855 | D:4      | You fall into a shaft and drop 1 floor!
  4855 | D:5      | Entered Level 5 of the Dungeon
  5521 | D:4      | Reached skill level 6 in Conjurations
  5521 | D:4      | Reached XP level 7. HP: 41/41 MP: 8/13
  5776 | D:4      | Found a hide-covered altar of Uskayaw.
  5776 | D:4      | Found a radiant altar of Vehumet.
  5784 | D:4      | Became a worshipper of Vehumet
  5921 | D:5      | Reached skill level 5 in Spellcasting
  6210 | D:5      | Reached skill level 7 in Conjurations
  6210 | D:5      | Reached XP level 8. HP: 46/46 MP: 8/16
  6865 | D:5      | Learned a level 4 spell: Iskenderun's Mystic Blast
  7319 | D:6      | Reached * piety under Vehumet
  7319 | D:6      | Offered knowledge of Freeze by Vehumet.
  7376 | D:6      | Reached skill level 5 in Translocations
  7513 | D:6      | Reached XP level 9. HP: 30/51 MP: 6/18
  7599 | D:6      | Reached skill level 8 in Conjurations
  7804 | D:6      | Found a transporter.
  7810 | D:6      | Noticed a kobold demonologist
  7811 | D:6      | Noticed a kobold demonologist
  8065 | D:6      | Found a transporter.
  8255 | D:7      | Noticed Duvessa
  8255 | D:7      | Noticed Dowan
  8287 | D:7      | Learned a level 3 spell: Dazzling Flash
  8518 | D:7      | Slain by an orc warrior

Illustrated notes

Levels and vault maps discovered:
D:1:      noname_arrival_rooms_in_the_neighbourhood, layout_basic, serial_shops,
          nicolae_shop_hallway_plus
D:2:      layout_loops_ring
D:3:      cheibrodos_helix_gallery, layout_basic, okawaru_gym_becter,
          serial_shops, shop, kennysheep_big_empty_room, grunt_ministairs_4
D:4:      layout_loops_ring, amethyst_overflow_temple_binary, tso_oasis_becter,
          dk_rats_in_the_wall
D:5:      layout_basic, nicolae_grassy_gnolls
D:6:      gammafunk_wand_slinger, layout_loops_ring
D:7:      minmay_the_grid_triangle_9x9_rhombus_thin
          [minmay_the_grid_triangle_9x9_descending_squares,
          minmay_the_grid_triangle_9x9_prize_schism,
          minmay_the_grid_triangle_9x9_empty,
          minmay_the_grid_triangle_9x9_from_above], layout_loops_corners,
          grunt_gozag_breadcrumbs, chei_slow_surprise,
          lemuel_coloured_pillars_altar, mainiacjoe_overflow_boulevard,
          minmay_temple_entry_junction, serial_shops,
          nicolae_shop_overgrown_old_shop, uniq_duvessa, uniq_menkaure

Skill      XL: |  1  2  3  4  5  6  7  8  9 |
---------------+----------------------------+-----
Spellcasting   | 3 4 5 6 |  6.9
Conjurations   | 5 6 7 8 |  8.3
Translocations | 1 2 3 5 6 |  6.0
Dodging        | |  2.0
Stealth        | |  2.6

Action                   |  1- 3 |  4- 6 |  7- 9 || total
-------------------------+-------+-------+-------++-------
Melee: Unarmed           |     2 |       |       ||     2
       Constrict         |     1 |       |       ||     1
 Cast: Magic Dart        |    70 |   105 |    97 ||   272
       Searing Ray       |     1 |     9 |    39 ||    49
  Use: Scroll            |       |    13 |       ||    13
Armor: Skin              |     2 |     1 |     2 ||     5
Dodge: Dodged            |     6 |     4 |    21 ||    31

Table legend: (Time is in decaauts)
 A = Elapsed time spent in this place.
 B = Non-inter-level travel time spent in this place.
 C = Inter-level travel time spent in this place.
 D = Time resting spent in this place.
 E = Time spent auto-exploring this place.
 F = Levels seen in this place.
 G = Mean time per level.
                   A        B        C        D        E       F      G
               +--------+--------+--------+--------+--------+-----+--------+
         Total |   8518 |   8191 |    327 |   2548 |   4231 |   7 | 1216.9 |
       Dungeon |   8518 |   8191 |    327 |   2548 |   4231 |   7 | 1216.9 |
               +--------+--------+--------+--------+--------+-----+--------+

Top non-repeatable levels by time:
     D:3: 2024 daAuts
     D:4: 1830 daAuts
     D:1: 1289 daAuts
     D:5: 1196 daAuts
     D:6: 1017 daAuts
     D:2: 915 daAuts
     D:7: 244 daAuts
